 BcadrenCrawl: Boulder Brew version 0.06-720-g033fe3496d (webtiles) character file.

Game seed: 8270405663253044893

844 Leeroy the Insei (level 7, -4/89 HPs) White Draconian Priest. Began on Feb 11, 2023. Was a Priest of Bahamut & Tiamat. Slain by a crocodile (9 damage) ... on level 2 of the Dungeon. The game lasted 00:05:22 (2783 turns).

Leeroy the Insei (White Draconian Priest)           Turns: 2783, Time: 00:05:23

Health: -4/89      AC:  8    Str: 12    XL:     7 ^: 219
Magic:  10/10      EV: 12    Int: 12    God:    Bahamut & Tiamat [3* [90]]
Gold:   156        SH:  0    Dex: 15    Spells: 6/6 levels left

rFire    . . .     Slash    +     - Unarmed
rCold    + . .     Pierce   x     - Unarmed
rNeg     . . .     Bludgeon .   (armour unavailable)
rCorr    . . .     Vision   .   (helmet restricted)
rPois    .         Gourm    .   (no cloak)
rElec    .         Faith    .   (no gloves)
MR       .....     Spirit   .   h - +0 pair of boots
HPRegen  0.39/turn Reflect  .   (no amulet)
MPRegen  0.20/turn Harm     .   (no ring)
Stlth    ++........             (no ring)

@: short of breath
A: deformed body 2, cold-blooded, ice enhancer 1, rC+, draconic flesh, AC +7
a: Breathe Frost, Adaptive Breath, Renounce Religion


You were on level 2 of the Dungeon.
You worshipped Bahamut & Tiamat.
Bahamut & Tiamat was most pleased with you.
You were hungry.

You visited 1 branch of the dungeon, and saw 2 of its levels.
You also visited: Temple.

You collected 156 gold pieces.

Inventory:

Shields
 b - a cursed +1 heater shield of cold resistance {(Curse: rC-)}
Armour
 h - a +0 pair of boots (worn)
Jewellery
 n - a cursed ring of intelligence {(Curse: rC-)}
Wands
 k - a wand of iceblast (5)
Scrolls
 c - 2 scrolls of enchantment
 e - a scroll of teleportation
 g - 2 scrolls of bless item
 i - a scroll of fog
Potions
 f - a potion of cancellation
 j - a potion of berserk rage
 l - a potion of might
 m - a potion of heal wounds
Comestibles
 a - 5 rations
 d - a chunk of flesh


   Skills:
 + Level 4.1 Fighting
 - Level 1.5 Dodging
 - Level 1.4 Stealth
 - Level 7.7 Unarmed Combat
 - Level 4.0 Invocations


You had 6 spell levels left.
You didn't know any spells.
Your spell library was empty.

Dungeon Overview and Level Annotations

Branches:
Dungeon (2/8)

Altars:
The Shining One


Innate Abilities, Weirdness & Mutations

Your icy white scales are resilient. (AC +7)
You can breathe puffs of frost.
You cannot wear any armour on your peculiar form.
You are cold-blooded and are slowed more easily by cold attacks.
You are in touch with the powers of ice.
Your icy white scales grant you resistance to cold and ice. (rC+)
Your scales resist being cut, but it's oddly easy to stick a small blade between them. (rSlashing+, rPiercing-)


Message History

You exhale a wave of freezing cold.
The freezing breath misses the crocodile.
The crocodile is flash-frozen.
You feel somewhat more hungry.
The crocodile is no longer encased in ice.
The crocodile bites you (12)!
You are perforated ruthlessly!
* * * LOW HITPOINT WARNING * * *
Unknown command.
The crocodile bites you (6).
You are perforated ruthlessly!
* * * LOW HITPOINT WARNING * * *
Evoke which item? (* to show all) (? for menu, Esc to quit)
Okay, then.
You enter the shallow water.
Moving in this stuff is going to be slow.
The crocodile barely misses you.
You are feeling hungry.
The crocodile bites you (16)!
You are perforated ruthlessly!
* * * LOW HITPOINT WARNING * * *
There is a stone staircase leading down here.
The crocodile bites you (9)!
You are perforated ruthlessly!
You die...

≈≈≈...≈........≈≈≈≈≈......≈.....[
###≈.####≈.#.≈≈≈≈≈≈..#.#.....####
#...#####≈≈#≈b≈≈≈≈≈.##≈.#.....###
........##.#≈≈≈≈≈≈≈.#.≈####...#.≈
..÷÷÷....#≈..≈≈≈≈≈....## #..#≈...
.........≈≈≈...≈≈≈.≈.≈≈######≈...
...........#≈≈..≈≈.≈#.###≈.######
..#≈....[...≈≈≈≈.≈≈..≈###....≈#≈≈
..#........#≈≈≈≈@t...##≈.≈.......
.≈##≈......#≈≈≈≈.≈≈...#..÷#<##≈≈≈
..≈##≈.P..##≈≈≈≈≈≈≈.#...#########
....###..###.≈≈≈.≈≈....≈≈# # #
...≈# #### #..≈......#####≈## #
#..## #.≈≈≈.≈≈≈#.≈....≈## ####
#.≈≈≈.≈≈.#≈......≈# #
###≈≈≈≈≈b.≈..#..##.≈#
#≈≈≈≈≈≈≈≈≈.#.####


You could see a crocodile.

Vanquished Creatures
  Purgy (D:2)
  A water moccasin (D:2)
  A big kobold (D:2)
  3 jellies (D:2)
  7 giant cockroaches
  2 adders (D:2)
  27 sewer rats (D:2)
  9 cinder newts
  3 oozes (D:2)
  4 worms (D:2)
  3 leopard geckos (D:2)
  2 adder skeletons (D:2)
  2 bats
  A cinder newt skeleton (D:2)
  3 goblins (D:1)
  A hobgoblin (D:1)
  4 kobolds
  5 ball pythons (D:2)
  4 rats (D:1)
83 creatures vanquished.

Vanquished Creatures (others)
  A giant cockroach (D:2)
  2 sewer rats (D:2)
  A leopard gecko (D:2)
  2 bats (D:2)
  A hobgoblin skeleton (D:2)
  A rat skeleton (D:2)
  2 giant blowflies (D:2)
  5 slimeheads (D:2)
  200 withered plants (D:2)
215 creatures vanquished.

Grand Total: 298 creatures vanquished

Notes
Turn   | Place    | Note
-------+----------+-------------------------------------------
     0 | Start Te | Leeroy the Immature Draconian Priest began the quest for
                  | the Orb.
     0 | Start Te | Reached XP level 1. HP: 29/29 MP: 3/3
     0 | Start Te | Found a sparkling altar of Nemelex Xobeh.
     1 | Start Te | Found a basalt altar of Yredelemnul.
     1 | Start Te | Found a white marble altar of Elyvilon.
     2 | Start Te | Found an iron altar of Okawaru.
     3 | Start Te | Found a glowing silver altar of Zin.
     3 | Start Te | Found a blossoming altar of Fedhas.
     4 | Start Te | Found a stormy altar of Qazlal.
     5 | Start Te | Found a glowing golden altar of the Shining One.
     5 | Start Te | Found an opulent altar of Gozag.
     6 | Start Te | Found a sacrificial altar of Ru.
    21 | Start Te | Found an ornate altar of Bahamut and Tiamat.
    21 | Start Te | Found a hazy altar of Hepliaklqana.
    29 | Start Te | Became a worshipper of Bahamut & Tiamat
    29 | Start Te | Reached * piety under Bahamut & Tiamat
    29 | Start Te | Reached ** piety under Bahamut & Tiamat
   110 | D:1      | Reached skill level 3 in Unarmed Combat
   206 | D:1      | Reached XP level 2. HP: 39/39 MP: 5/5
   213 | D:1      | Reached XP level 3. HP: 46/49 MP: 6/6
   280 | D:1      | Reached skill level 4 in Unarmed Combat
   661 | D:1      | Found a glowing golden altar of the Shining One.
   829 | D:2      | Reached XP level 4. HP: 52/59 MP: 7/7
  1042 | D:2      | Reached skill level 5 in Unarmed Combat
  1138 | D:2      | Reached XP level 5. HP: 58/69 MP: 8/8
  1420 | D:2      | Reached skill level 6 in Unarmed Combat
  1428 | D:2      | Reached XP level 6. HP: 57/79 MP: 5/9
  1489 | D:2      | Noticed Purgy
  1528 | D:2      | Killed Purgy
  1544 | D:2      | Reached skill level 7 in Unarmed Combat
  1803 | D:2      | Noticed a water moccasin
  1812 | D:2      | Killed a water moccasin
  1812 | D:2      | Your scales start taking on an icy white colour.
  1812 | D:2      | Reached XP level 7. HP: 59/89 MP: 5/10
  1812 | D:2      | Gained mutation: Your icy white scales grant you resistance
                  | to cold and ice. (rC+) [White Draconian growth]
  1812 | D:2      | Gained mutation: You are in touch with the powers of ice.
                  | [White Draconian growth]
  2046 | D:2      | Reached *** piety under Bahamut & Tiamat
  2083 | D:2      | Reached skill level 1 in Fighting
  2783 | D:2      | Slain by a crocodile

Illustrated notes

Levels and vault maps discovered:
D:1:      onia_arrival_pentagram, layout_basic, tso_altar
D:2:      layout_sewer, gammafunk_temple_overflow_elements, purgy_house,
          uniq_crazy_yiuf_cottage

Skill      XL: |  1  2  3  4  5  6  7 |
---------------+----------------------+-----
Unarmed Combat | 3 4 5 6 7 |  7.7
Fighting       | 4 |  4.1
Dodging        | |  1.5
Stealth        | |  1.4
Invocations    | |  4.0

Action                   |  1- 3 |  4- 6 |  7- 9 || total
-------------------------+-------+-------+-------++-------
Melee: Unarmed           |    52 |   338 |   107 ||   497
       Peck              |     3 |    29 |     3 ||    35
Invok: Adaptive Breath   |       |     3 |       ||     3
       Choose Bahamut's  |       |     1 |       ||     1
       Choose Tiamat's A |       |     1 |       ||     1
 Abil: Breathe Frost     |       |       |     1 ||     1
  Use: Scroll            |       |       |     1 ||     1
 Stab: Sleeping          |     2 |     1 |     1 ||     4
       Distracted        |       |     1 |       ||     1
       Confused          |       |     9 |       ||     9
  Eat: Chunk             |       |     4 |     3 ||     7
Armor: Skin              |     4 |    44 |    12 ||    60
Dodge: Dodged            |     5 |    42 |    20 ||    67
